 Dungeon Sprint DCSS version 0.29.1-14-g9c671dbff4 (webtiles) character file.

Game seed: 3067862143083440678

5869 Groucho the Ninja (level 10, -10/60 HPs)
             Began as a Felid Berserker on Feb 11, 2023.
             Was a High Priest of Trog.
             Killed by an exploding ball lightning (31 damage)
             ... in the Dungeon (Sprint I: "Red Sonja") on Feb 12, 2023.
             The game lasted 00:27:21 (8826 turns).

Groucho the Ninja (Felid Berserker)                 Turns: 8826, Time: 00:27:21

Health: -10/60     AC:  5    Str: 12    XL:     10   Next: 52%
Magic:  11/11      EV: 36    Int: 14    God:    Trog [*****.]
Gold:   2771       SH:  0    Dex: 20    Spells: 9/9 levels left
                                        Lives:  0   Deaths: 3

rFire   + . .      SeeInvis +     - Unarmed
rCold   . . .      Faith    .   (shield unavailable)
rNeg    . . .      Spirit   .   (body armour unavailable)
rPois   +          Reflect  .   (helmet unavailable)
rElec   .          Harm     .   (cloak unavailable)
rCorr   .          Rampage  .   (gloves unavailable)
Will    +++..      NoTele   +   (boots unavailable)
Stlth   ++++++++++              u - amulet "Ebuseo" {RegenMP rPois rC- Dex+2}
HPRegen 0.20/turn               m - ring of Qyudo {rF+ Will++}
MPRegen 0.52/turn               l - ring of flight

@: flying, hasted, very quick
A: very small, claws 1, fangs 3, see invisible, speed 1, shaggy fur 3, stealthy
paws, no weapons or thrown items, no armour, multi-lived, iridescent scales 1,
clever 1
a: Renounce Religion, Berserk, Trog's Hand, Brothers in Arms


You were in the Dungeon.
You worshipped Trog.
Trog was extremely pleased with you.
You visited 1 branch You collected 5525 gold pieces.
You spent 2754 gold pieces at shops.

Inventory:

Jewellery
 h - an amulet of the acrobat
 k - a ring of willpower
 l - a ring of flight (right paw)
 m - the ring of Qyudo (left paw) {rF+ Will++}
   (You bought it in a shop in the Dungeon)

   [ring of protection from fire]

   rF:        It protects you from fire.
   Will:      It greatly increases your willpower.
 n - a ring of ice
 o - a +4 ring of protection
 s - a ring of protection from fire
 u - the amulet "Ebuseo" (around neck) {RegenMP rPois rC- Dex+2}
   (You found it in the Dungeon)

   [amulet of magic regeneration]

   It increases your rate of magic regeneration.
   Dex:       It affects your dexterity (+2).
   rC:        It makes you vulnerable to cold.
   rPois:     It protects you from poison.
 x - the ring of Lies {EV+4 Int+2 Slay+6}
   (You bought it in a shop in the Dungeon)

   [ring of evasion]

   EV:        It affects your evasion (+4).
   Int:       It affects your intelligence (+2).
   Slay:      It affects your accuracy & damage with ranged weapons and melee
   (+6).
 y - the ring of Xom's Recklessness {rPois rC+ Int+4 Dex+6}
   (You bought it in a shop in the Dungeon)

   [ring of dexterity]

   Int:       It affects your intelligence (+4).
   Dex:       It affects your dexterity (+6).
   rC:        It protects you from cold.
   rPois:     It protects you from poison.
Wands
 g - a wand of flame (18)
 t - a wand of acid (9)
Scrolls
 f - a scroll of magic mapping
 j - a scroll of butterflies
 q - a scroll of poison
 w - 4 scrolls of identify
Potions
 a - 2 potions of curing
 d - 2 potions of magic
 e - a potion of berserk rage
 i - a potion of flight
 p - a potion of brilliance
 v - a potion of mutation


   Skills:
 + Level 16.9 Fighting
 + Level 21.5 Dodging
 O Level 27 Stealth
 + Level 17.0 Unarmed Combat


You had 9 spell levels left.
You didn't know any spells.
Your spell library was empty.

Dungeon Overview and Level Annotations

Branches:
Dungeon (1/1)

Altars:
Cheibriados
Dithmenos
Elyvilon
Fedhas
Gozag
Hepliaklqana
Kikubaaqudgha
Makhleb
Nemelex Xobeh
Okawaru
Qazlal
Ru
Sif Muna
Trog
Uskayaw
Vehumet
Wu Jian
Xom
Yredelemnul
Zin
The Shining One
Jiyva
Lugonu

Shops:
D ([[=*=[(?=*([=?**[?[:*

Annotations:
D Lom Lobon, Tiamat


Innate Abilities, Weirdness & Mutations

You have sharp claws.
You have razor-sharp teeth.
You have supernaturally acute eyesight. (SInv)
You cover ground quickly. (Speed+)
Your thick and shaggy fur keeps you warm. (AC +3, rC+)
Your paws help you pounce on unaware monsters.
You are incapable of wielding weapons or throwing items.
You cannot wear armour.
You gain extra lives every three experience levels.
You are partially covered in iridescent scales. (AC +2)
Your mind is acute. (Int +4, Str/Dex -1)


Message History

g - Guard the area. f - Follow me.
Anything else - Cancel.
You meow for attention!
Unknown command.
Unknown command.
Unknown command.
Unknown command.
Unknown command.
Unknown command.
You see here a staff of poison.
There is an open door here.
You see here the felid corpse of Groucho.
You start waiting.
Lom Lobon is nearby!
Really fly into a travel-excluded area?
There is an open door here.
You feel yourself speed up.
There is an open door here.
Okay, then.
You catch the helpless Lom Lobon completely off-guard!
You eviscerate Lom Lobon!!!!
Lom Lobon is lightly wounded.
Lom Lobon gestures. 3 ball lightnings come into view.
Your deep troll goes berserk!
The ball lightning explodes!
The blast of lightning engulfs you!!!
Ouch! That really hurt!
The blast of lightning engulfs the ball lightning.
The ball lightning completely resists.
The blast of lightning engulfs your deep troll!!!
The blast of lightning engulfs Lom Lobon.
Lom Lobon completely resists.
The blast of lightning engulfs the ball lightning.
The ball lightning completely resists.
The ball lightning explodes!
The blast of lightning engulfs Lom Lobon.
Lom Lobon completely resists.
The blast of lightning engulfs you!!
Ouch! That really hurt!
You die...

.#.≈..#.§§§.§).§...#)#
.###..#....§:......#.#
.#.+..##.[........##.#
)#^##'##..........#..#
.#.#~~~##........##..#
##.#~~~~##..)[.)##.°.#
...#~~~~~########○*..#
○####~~~~#~~~~~#.&☼..#
°#..#'~~~'~~.~°○@.○..#
.#...##~~#~~~~T#~~~○.#
°#....######'#####~~~#
°#....#~~≈≈≈≈≈≈≈≈##~~#
.#######~~~~≈≈≈≈≈≈≈≈~#
^'|)#))'†.)~~~~~~~#≈≈#
.#}['.|#........~~~#≈#
######################


You could see Lom Lobon (ally target), a ball lightning and a friendly deep
troll (summoned, berserk).

Vanquished Creatures
  the Lernaean hydra (D)
  A deep elf master archer (D)
  A shadow dragon (D)
  A lorocyproca (D)
  A deep elf annihilator (D)
  A mummy priest (D)
  A hydra (D)
  2 centaur warriors (D)
  Sonja (D)
  A deep troll (D)
  A lindwurm (D)
  2 merfolk sirens (D)
  2 oklob plants (D)
  A gargoyle (D)
  2 kobold demonologists (D)
  4 unseen horrors (D)
  A hellwing (D)
  5 hornets (D)
  A slime creature (D)
  Sigmund (D)
  A yak (D)
  2 redbacks (D)
  13 hogs (D)
  3 floating eyes (D)
  An ogre (D)
  7 necrophages (D)
  8 jellies (D)
  Ijyb (D)
  A ballistomycete spore (D)
68 creatures vanquished.

Vanquished Creatures (collateral kills)
  A golden dragon (D)
  4 fire giants (D)
  8 shining eyes (D)
  A gargoyle (D)
  3 unseen horrors (D)
  4 demonic crawlers (D)
  4 floating eyes (D)
25 creatures vanquished.

Vanquished Creatures (others)
  8 ball lightnings (D)
  A ballistomycete spore (D)
9 creatures vanquished.

Grand Total: 102 creatures vanquished

Notes
Turn   | Place    | Note
-------+----------+-------------------------------------------
     0 | D        | Groucho the Felid Berserker began the quest for the Orb.
     0 | D        | Reached XP level 1. HP: 10/10 MP: 2/2
     2 | D        | Noticed Ijyb
     9 | D        | Killed Ijyb
    10 | D        | Reached skill level 8 in Stealth
    10 | D        | Reached XP level 2. HP: 14/14 MP: 3/3
   251 | D        | Noticed an ogre
   253 | D        | Killed an ogre
   254 | D        | Reached skill level 12 in Stealth
   254 | D        | Reached XP level 3. HP: 17/17 MP: 4/4
   254 | D        | Reached XP level 4. HP: 21/21 MP: 5/5
   256 | D        | Noticed Sigmund
   258 | D        | Killed Sigmund
   258 | D        | Reached ** piety under Trog
   259 | D        | Reached skill level 16 in Stealth
   259 | D        | Reached XP level 5. HP: 24/24 MP: 6/6
   282 | D        | Found a shimmering blue altar of Sif Muna.
   283 | D        | Found an ornate altar of the Wu Jian Council.
   284 | D        | Found a radiant altar of Vehumet.
   289 | D        | Reached skill level 17 in Stealth
   289 | D        | Gained mutation: You are covered in thick fur. (AC +2)
                  | [Felid growth]
   289 | D        | Reached XP level 6. HP: 28/28 MP: 7/7
   290 | D        | Found Raleud's Jewellery Emporium.
   290 | D        | Found an ancient bone altar of Kikubaaqudgha.
   290 | D        | Found a hazy altar of Hepliaklqana.
   290 | D        | Found a stormy altar of Qazlal.
   290 | D        | Found a hide-covered altar of Uskayaw.
   290 | D        | Found a blossoming altar of Fedhas.
   290 | D        | Found a bloodstained altar of Trog.
   290 | D        | Found an iron altar of Okawaru.
   290 | D        | Found a basalt altar of Yredelemnul.
   290 | D        | Found a glowing golden altar of the Shining One.
   290 | D        | Found a snail-covered altar of Cheibriados.
   290 | D        | Found a sacrificial altar of Ru.
   290 | D        | Found a glowing silver altar of Zin.
   290 | D        | Found a shadowy altar of Dithmenos.
   290 | D        | Found a white marble altar of Elyvilon.
   290 | D        | Noticed a yak
   299 | D        | Killed a yak
   300 | D        | Reached skill level 19 in Stealth
   570 | D        | Found an opulent altar of Gozag.
   586 | D        | Found a sparkling altar of Nemelex Xobeh.
   616 | D        | Found a burning altar of Makhleb.
   616 | D        | Found a shimmering altar of Xom.
   616 | D        | Noticed a slime creature
   617 | D        | Found a viscous altar of Jiyva.
   617 | D        | Found a corrupted altar of Lugonu.
   626 | D        | Killed a slime creature
   627 | D        | Reached skill level 20 in Stealth
   627 | D        | Reached XP level 7. HP: 15/31 MP: 8/8
   975 | D        | Noticed a centaur warrior
   976 | D        | Noticed a centaur warrior
   977 | D        | Killed a centaur warrior
   977 | D        | Reached *** piety under Trog
   978 | D        | Reached skill level 5 in Fighting
   978 | D        | Reached skill level 21 in Stealth
   978 | D        | Reached skill level 5 in Unarmed Combat
   978 | D        | Reached XP level 8. HP: 37/37 MP: 9/9
   978 | D        | Killed a centaur warrior
   979 | D        | Reached skill level 22 in Stealth
   986 | D        | Noticed a hornet
   989 | D        | Killed a hornet
   990 | D        | Reached skill level 10 in Dodging
   990 | D        | Reached XP level 9. HP: 43/43 MP: 10/10
  1000 | D        | Noticed an oklob plant
  1002 | D        | Killed an oklob plant
  1011 | D        | Reached **** piety under Trog
  1039 | D        | Noticed an unseen horror
  1039 | D        | Noticed an unseen horror
  1057 | D        | Killed an unseen horror
  1514 | D        | Killed an unseen horror
  1522 | D        | Reached ***** piety under Trog
  1541 | D        | Reached skill level 10 in Unarmed Combat
  1553 | D        | Reached skill level 10 in Fighting
  1574 | D        | Reached ****** piety under Trog
  1601 | D        | Found Viheifiu's Weapon Shoppe.
  1601 | D        | Found Saumix's Antique Armour Shop.
  1601 | D        | Found Jedofeets's Magic Scroll Boutique.
  1603 | D        | Found Jarucwuh's Jewellery Emporium.
  1603 | D        | Found Zogoiqa's General Store.
  1603 | D        | Found Wajienyt's Antique Weapon Shoppe.
  1603 | D        | Found Aroovu Saso's Antique Armour Boutique.
  1603 | D        | Found Lyisybb's Jewellery Emporium.
  1603 | D        | Found Guafieso's Magic Scroll Shop.
  1603 | D        | Found Uzxor's Assorted Antiques.
  1607 | D        | Found Suguehuoce's Assorted Antiques.
  1608 | D        | Found Ozucol's Magic Scroll Emporium.
  1608 | D        | Found Piske's Armour Boutique.
  1609 | D        | Found Iqitamno's Book Emporium.
  1661 | D        | Noticed a deep troll
  1663 | D        | Killed a deep troll
  1664 | D        | Reached XP level 10. HP: 50/51 MP: 11/11
  1675 | D        | Found Pits's Armour Emporium.
  1681 | D        | Upgraded the game from 0.29.1-13-g9f3cf754e1 to
                  | 0.29.1-14-g9c671dbff4
  1688 | D        | Noticed Sonja
  1691 | D        | Killed Sonja
  1705 | D        | Found Paxaurr's Antique Weapon Boutique.
  2292 | D        | Reached skill level 15 in Dodging
  2294 | D        | Noticed a gargoyle
  2296 | D        | Killed a gargoyle
  2297 | D        | Reached skill level 23 in Stealth
  2614 | D        | Noticed a lindwurm
  2617 | D        | Killed a lindwurm
  2629 | D        | Reached XP level 11. HP: 57/57 MP: 12/12
  2980 | D        | Noticed a 12-headed hydra
  2982 | D        | Killed a 12-headed hydra
  3043 | D        | Noticed a shining eye
  3043 | D        | Noticed a shining eye
  3043 | D        | Noticed a shining eye
  3043 | D        | Noticed a shining eye
  3043 | D        | Noticed a shining eye
  3043 | D        | Noticed a shining eye
  3045 | D        | Killed a shining eye
  3046 | D        | Reached skill level 24 in Stealth
  3046 | D        | Killed a shining eye
  3046 | D        | Gained mutation: You are partially covered in iridescent
                  | scales. (AC +2) [a shining eye]
  3047 | D        | Killed a shining eye
  3049 | D        | Killed a shining eye
  3049 | D        | Killed a shining eye
  3050 | D        | Noticed a shining eye
  3051 | D        | Noticed a shining eye
  3053 | D        | Killed a shining eye
  3053 | D        | Gained mutation: Your mind is acute. (Int +4, Str/Dex -1)
                  | [a shining eye]
  3053 | D        | Killed a shining eye
  3055 | D        | Killed a shining eye
  3060 | D        | Found Poemioq's Antique Armour Shoppe.
  3060 | D        | Found Wyrghosm's Jewellery Boutique.
  3060 | D        | Found Ovytt's Armour Emporium.
  3061 | D        | Found Lauruq's Assorted Antiques.
  3068 | D        | Bought a ring of flight for 175 gold pieces
  3068 | D        | Bought the ring of Qyudo {rF+ Will++} for 460 gold pieces
  3085 | D        | Bought a glowing sapphire ring for 160 gold pieces
  3085 | D        | Bought a scroll labelled CEUQYGACLEK for 32 gold pieces
  3085 | D        | Bought a twisted bone ring for 160 gold pieces
  3085 | D        | Bought a sapphire potion for 28 gold pieces
  3201 | D        | Noticed a shadow dragon
  3201 | D        | Noticed a golden dragon
  3209 | D        | Killed from afar by a golden dragon
  3210 | D        | Reached XP level 10. HP: -3/51 MP: 11/11
  3212 | D        | Killed a golden dragon
  3213 | D        | Reached skill level 25 in Stealth
  3213 | D        | Reached XP level 11. HP: 60/60 MP: 12/12
  3217 | D        | Killed a shadow dragon
  3273 | D        | Found Qoonam's General Store.
  3290 | D        | Bought a scroll of blinking for 105 gold pieces
  3323 | D        | Noticed a daeva
  3335 | D        | Reached skill level 15 in Unarmed Combat
  3337 | D        | Reached skill level 15 in Fighting
  3574 | D        | Noticed a fire giant
  3577 | D        | Noticed a fire giant
  3578 | D        | Noticed a fire giant
  3578 | D        | Noticed a fire giant
  3588 | D        | Killed a fire giant
  3591 | D        | Killed a fire giant
  3592 | D        | Reached skill level 26 in Stealth
  3600 | D        | Killed a fire giant
  3613 | D        | Killed a fire giant
  3971 | D        | Noticed a deep elf annihilator
  3976 | D        | Noticed a mummy priest
  3977 | D        | Killed a deep elf annihilator
  3979 | D        | Gained mutation: Your thick and shaggy fur keeps you warm.
                  | (AC +3, rC+) [Felid growth]
  3979 | D        | Reached XP level 12. HP: 66/66 MP: 13/13
  4110 | D        | Identified the +7 eveningstar of Oblop {drain, SInv}
  4627 | D        | Killed a mummy priest
  4797 | D        | Noticed the 27-headed Lernaean hydra
  4799 | D        | Killed the 27-headed Lernaean hydra
  4800 | D        | Reached skill level 27 in Stealth
  4841 | D        | Noticed a deep elf master archer
  4844 | D        | Killed a deep elf master archer
  4875 | D        | Identified the amulet "Ebuseo" {RegenMP rPois rC- Dex+2}
  5155 | D        | Identified the +3 arbalest "Alunof" {venom, rPois Will+
                  | Int-2}
  5627 | D        | Noticed a lorocyproca
  5640 | D        | Killed a lorocyproca
  6202 | D        | Bought a scroll of identify for 24 gold pieces
  6202 | D        | Bought 2 scrolls of identify for 48 gold pieces
  6210 | D        | Bought the ring of Lies {EV+4 Int+2 Slay+6} for 796 gold
                  | pieces
  6214 | D        | Bought the ring of Xom's Recklessness {rPois rC+ Int+4
                  | Dex+6} for 688 gold pieces
  6222 | D        | Bought a scroll of identify for 26 gold pieces
  6222 | D        | Bought a scroll of identify for 26 gold pieces
  6222 | D        | Bought a scroll of identify for 26 gold pieces
  6632 | D        | Noticed Lom Lobon
  7587 | D        | Succumbed to poison (dark miasma)
  7588 | D        | Reached XP level 11. HP: 0/63 MP: 12/12
  7590 | D        | Found the +4 dragonskin cloak
  7590 | D        | Noticed Tiamat
  8764 | D        | Killed by an exploding ball lightning
  8765 | D        | Reached XP level 10. HP: -11/60 MP: 11/11
  8826 | D        | Killed by an exploding ball lightning

Illustrated notes

Levels and vault maps discovered:
D:        dungeon_sprint_1 [red_sonja_temple_1, red_sonja_temple_small_1]

Skill      XL: |  1  2  3  4  5  6  7  8  9 10 11 12 |
---------------+-------------------------------------+-----
Stealth        | 8 12 16 17 20 21 22 25 26 27 | 27.0
Fighting       | 5 7 10 12 15 16 | 16.9
Dodging        | 7 10 13 15 20 21 | 21.5
Unarmed Combat | 5 7 10 12 15 17 | 17.0

Action                   |  1- 3 |  4- 6 |  7- 9 | 10-12 || total
-------------------------+-------+-------+-------+-------++-------
Melee: Unarmed           |     6 |    15 |    61 |   107 ||   189
       Bite              |     2 |     4 |    10 |    17 ||    33
       Punch             |       |       |     4 |    13 ||    17
Invok: Berserk           |     1 |     2 |     1 |     2 ||     6
       Trog's Hand       |       |     2 |     2 |     3 ||     7
       Brothers in Arms  |       |       |       |    16 ||    16
Evoke: Wand              |       |       |       |     1 ||     1
  Use: Scroll            |       |       |     1 |     9 ||    10
       Potion            |       |       |       |     6 ||     6
 Stab: Sleeping          |     1 |     2 |    16 |    18 ||    37
       Distracted        |       |       |       |     3 ||     3
Armor: Skin              |     1 |       |     2 |       ||     3
Dodge: Dodged            |     2 |     8 |    54 |    73 ||   137
